 Dungeon Crawl Stone Soup version 0.19.1-1-g22dce08 (webtiles) character file.

965 dvd the Firebug (level 7, -1/37 HPs)
             Began as a Deep Elf Fire Elementalist on Jan 20, 2017.
             Was an Initiate of Vehumet.
             Slain by a centaur
             ... wielding a +0 war axe
              (7 damage)
             ... on level 5 of the Dungeon.
             The game lasted 00:17:11 (5986 turns).

dvd the Firebug (Deep Elf Fire Elementalist)        Turns: 5986, Time: 00:17:12

Health: -1/37      AC:  6    Str:  5    XL:     7   Next: 93%
Magic:  6/19       EV: 12    Int: 27    God:    Vehumet [......]
Gold:   60         SH:  4    Dex: 15    Spells: 5 memorised, 4 levels left

rFire  . . .     SeeInvis +     d - +2 whip (venom)
rCold  . . .     Gourm    .     o - +0 robe
rNeg   . . .     Faith    .     L - +1 buckler {AC+3}
rPois  .         Spirit   .     (no helmet)
rElec  .         Reflect  .     (no cloak)
rCorr  .         Harm     .     (no gloves)
MR     .....                    u - +0 pair of boots
Stlth  ++........               (no amulet)
                                y - +5 ring of intelligence
                                v - ring of see invisible

@: very slightly contaminated
A: no striking features
a: Renounce Religion


You were on level 5 of the Dungeon.
You worshipped Vehumet.
Vehumet was noncommittal.
You were hungry.

You visited 2 branches of the dungeon, and saw 7 of its levels.

You collected 274 gold pieces.
You spent 214 gold pieces at shops.

Inventory:

Hand Weapons
 a - a +0 short sword
 d - a +2 whip of venom (weapon)
 f - a +0 dagger
 x - a +0 dagger of holy wrath
 H - a +0 short sword of speed
 J - a +2 falchion of freezing
Missiles
 r - 6 javelins of returning (quivered)
Armour
 g - a +0 buckler
 o - a +0 robe (worn)
 t - a +1 ring mail of cold resistance
 u - a +0 pair of boots (worn)
 L - a +1 buckler of protection (worn)
Jewellery
 v - a ring of see invisible (left hand)
 y - a +5 ring of intelligence (right hand)
Scrolls
 h - 2 scrolls of blinking {unknown}
 i - 3 scrolls of random uselessness {unknown}
 l - 4 scrolls of recharging {unknown}
 n - a scroll of teleportation {unknown}
 p - 4 scrolls of remove curse {unknown}
 s - 3 scrolls of identify {unknown}
 C - a scroll of enchant weapon {unknown}
 D - a scroll of noise {unknown}
 E - a scroll of amnesia {unknown}
 K - a scroll of fear {unknown}
Potions
 e - 3 potions of degeneration {unknown}
 k - 3 potions of curing {unknown}
 m - 2 potions of haste {unknown}
 q - a potion of mutation {unknown}
 z - a potion of berserk rage {unknown}
 A - 3 potions of flight {unknown}
 F - a potion of cancellation {unknown}
 I - a potion of invisibility {unknown}
Books
 b - a book of Flames

   Spells                             Type                      Level
   a - Flame Tongue                   Conjuration/Fire             1
   b - Throw Flame                    Conjuration/Fire             2
   c - Conjure Flame                  Conjuration/Fire             3
   d - Inner Flame                    Hexes/Fire                   3
   e - Sticky Flame                   Conjuration/Fire             4
   f - Fireball                       Conjuration/Fire             5
 w - a book of Cantrips

   Spells                             Type                      Level
   a - Confusing Touch                Hexes                        1
   b - Animate Skeleton               Necromancy                   1
   c - Summon Small Mammal            Summoning                    1
   d - Apportation                    Translocation                1
Comestibles
 c - 2 bread rations
 j - 5 meat rations
 B - 2 chunks of flesh
 G - 3 fruits


   Skills:
 + Level 0.5 Fighting
 + Level 0.2 Short Blades
 + Level 0.1 Maces & Flails
 + Level 0.4 Throwing
 + Level 0.1 Armour
 + Level 3.0 Dodging
 + Level 3.3 Stealth
 + Level 6.6 Spellcasting
 + Level 4.9 Conjurations
 * Level 7.1 Fire Magic


You had 4 spell levels left.
You knew the following spells:

 Your Spells              Type           Power        Failure   Level  Hunger
a - Flame Tongue          Conj/Fire      #####        1%          1    None
b - Throw Flame           Conj/Fire      #####.       1%          2    None
c - Conjure Flame         Conj/Fire      #####...     2%          3    None
d - Sticky Flame          Conj/Fire      #####...     10%         4    ###....
e - Fireball              Conj/Fire      #####.....   24%         5    #####..


Dungeon Overview and Level Annotations

Branches:
Dungeon (6/15)             Temple (1/1) D:4

Altars:
Ashenzari
Cheibriados
Dithmenos
Elyvilon
Fedhas
Gozag
Hepliaklqana
Kikubaaqudgha
Makhleb
Nemelex Xobeh
Okawaru
Qazlal
Ru
Sif Muna
Trog
Uskayaw
Vehumet
Xom
Yredelemnul
Zin
The Shining One

Shops:
D:4 [   D:6 *

Annotations:
D:6 Dowan, Duvessa


Message History

Press: ? - help, Shift-Dir - straight line, f/p - centaur
Aim: a centaur, wielding a war axe The sticky flame hits the centaur.
The centaur is moderately wounded.
The centaur is covered in liquid flames!
You are feeling hungry.
The centaur burns!
The centaur hits you with an uncursed war axe! x2
* * * LOW HITPOINT WARNING * * *
Casting: Sticky Flame
Confirm with . or Enter, or press ? or * to list all spells.
Aiming: Sticky Flame
Press: ? - help, Shift-Dir - straight line, f/p - centaur
Aim: a centaur, wielding a war axe (heavily wounded, covered in liquid flames)
The sticky flame hits the centaur.
The centaur is severely wounded.
The centaur is covered in liquid flames!
The centaur burns!
The centaur hits you with an uncursed war axe!
You die...

.#.....#.....# .#
.............#
#...##
.......#.....###
.....##
.....)>.........
.......
.######.(#######
....[.# .# #...#
......# .# #...###
.....# ##
#.....#####c....##
##.##...##@......#
#.####..(........
### ####........
##.....#. #...##
####


You could see a centaur (burning).

Vanquished Creatures
  Prince Ribbit (D:6)
  A phantom (D:4)
  An ogre (D:5)
  2 centaurs
  A bullfrog (D:6)
  A crimson imp (D:6)
  A hound (D:4)
  3 orc wizards
  An orc priest (D:3)
  7 adders
  4 worms
  3 dart slugs
  A leopard gecko (D:2)
  13 orcs
  3 giant cockroaches
  16 goblins
  5 hobgoblins
  8 jackals (D:4)
  A quokka (D:4)
  A ball python (D:4)
  8 bats
  2 frilled lizards
  6 kobolds
  17 rats
107 creatures vanquished.

Notes
Turn   | Place    | Note
-------+----------+-------------------------------------------
     0 | D:1      | dvd the Deep Elf Fire Elementalist began the quest for the Orb.
     0 | D:1      | Reached XP level 1. HP: 10/10 MP: 6/6
   237 | D:1      | Reached XP level 2. HP: 13/15 MP: 0/8
   308 | D:1      | Learned a level 2 spell: Throw Flame
   796 | D:1      | Reached XP level 3. HP: 19/19 MP: 7/10
   825 | D:1      | Learned a level 3 spell: Conjure Flame
   909 | D:1      | Reached skill level 4 in Fire Magic
  1744 | D:2      | Reached XP level 4. HP: 24/24 MP: 1/12
  1936 | D:2      | Learned a level 4 spell: Sticky Flame
  2904 | D:3      | Reached XP level 5. HP: 27/28 MP: 4/13
  3010 | D:3      | Reached skill level 5 in Fire Magic
  3873 | D:4      | Noticed a phantom
  3885 | D:4      | Killed a phantom
  3885 | D:4      | Reached skill level 5 in Spellcasting
  3885 | D:4      | Reached XP level 6. HP: 16/32 MP: 4/15
  3931 | D:4      | Learned a level 5 spell: Fireball
  4047 | D:4      | Found a staircase to the Ecumenical Temple.
  4054 | Temple   | Entered the Ecumenical Temple
  4084 | Temple   | Became a worshipper of Vehumet
  4516 | D:4      | You fall through a shaft for 2 floors!
  4643 | D:6      | Found Gajitw Alie's General Store.
  4646 | D:5      | Entered Level 5 of the Dungeon
  4674 | D:6      | Noticed Prince Ribbit
  4730 | D:6      | Reached skill level 6 in Fire Magic
  4773 | D:6      | Reached XP level 7. HP: 15/37 MP: 13/17
  5041 | D:6      | Killed Prince Ribbit
  5376 | D:6      | Noticed Duvessa
  5380 | D:6      | Noticed Dowan
  5632 | D:5      | Reached skill level 7 in Fire Magic
  5884 | D:4      | Found Fiseyggi's Armour Boutique.
  5887 | D:4      | Bought a +1 buckler of protection for 214 gold pieces
  5986 | D:5      | Slain by a centaur

Skill      XL: |  1  2  3  4  5  6  7 |
---------------+----------------------+-----
Fire Magic     | 4 5 6 7 |  7.1
Spellcasting   | 4 5 6 |  6.6
Conjurations   | 2 3 4 |  4.9
Stealth        | 3 |  3.3
Dodging        | 3 |  3.0
Fighting       | |  0.5
Short Blades   | |  0.2
Maces & Flails | |  0.1
Throwing       | |  0.4
Armour         | |  0.1

Action                   |  1- 3 |  4- 6 |  7- 9 || total
-------------------------+-------+-------+-------++-------
Melee: Dagger            |     8 |       |       ||     8
       Short sword       |     2 |       |       ||     2
       Whip              |       |    23 |     4 ||    27
Throw: Javelin           |       |     4 |       ||     4
 Cast: Flame Tongue      |    64 |    61 |     5 ||   130
       Throw Flame       |    18 |    38 |    12 ||    68
       Conjure Flame     |     3 |     2 |     1 ||     6
       Sticky Flame      |       |     6 |     5 ||    11
       Fireball          |       |       |     4 ||     4
 Stab: Sleeping          |     1 |       |     1 ||     2
  Eat: Chunk             |     3 |    10 |       ||    13
       Royal jelly       |       |       |     1 ||     1
       Pizza             |       |       |     1 ||     1
       Beef jerky        |       |       |     1 ||     1
Armor: Robe              |     8 |     6 |       ||    14
Dodge: Dodged            |    35 |    36 |     7 ||    78
